 Dungeon Crawl Stone Soup version 0.32-a0-876-gcfddb08e57 (webtiles) character file.

Game seed: 15343271410006407625

165 Lanoc the Shooter (level 5, 0/41 HPs)
             Began as a Coglin Hunter on Apr 1, 2024.
             Was an Initiate of Beogh.
             Slain by an iguana (11 damage)
             ... on level 4 of the Dungeon.
             The game lasted 00:03:12 (2120 turns).

Lanoc the Shooter (Coglin Hunter)                   Turns: 2120, Time: 00:03:13

Health: 0/41       AC:  4    Str: 11    XL:     5   Next: 46%
Magic:  5/5        EV: 12    Int:  8    God:    Beogh [......]
Gold:   181        SH:  0    Dex: 20    Spells: 4/4 levels left

rFire   . . .        a - +2 sling {Kai}
rCold   . . .        d - +0 sling {Vicente}
rNeg    . . .        c - +1 leather armour
rPois   .            (no helmet)
rElec   .            (no cloak)
rCorr   .            (no gloves)
SInv    .            (no boots)
Will    .....        (amulet unavailable)
Stlth   ++           (ring unavailable)
HPRegen 0.26/turn    (ring unavailable)
MPRegen 0.09/turn    (no gizmo)

%: no passive effects
@: revved
A: off-hand wielding, slow wielding, warmup strikes, no jewellery
a: Invent Gizmo, Renounce Religion


You were on level 4 of the Dungeon.
You worshipped Beogh.
Beogh was noncommittal.
You visited 1 branch of the dungeon, and saw 4 of its levels.

You collected 181 gold pieces.

Inventory:

Hand Weapons
 a - a +2 sling (weapon) {Kai}
 d - a +0 sling (offhand) {Vicente}
Missiles
 p - 3 darts of dispersal
Armour
 c - a +1 leather armour (worn)
Wands
 i - a wand of iceblast (5)
Scrolls
 b - a scroll of butterflies
 e - a scroll of fear
 g - a scroll of enchant armour
Potions
 f - a potion of invisibility
 h - a potion of mutation
 l - a potion of might
 m - a potion of heal wounds


   Skills:
 + Level 3.1 Fighting
 * Level 5.0 Ranged Weapons
 + Level 2.9 Dodging
 - Level 0.7 Stealth


You had 4 spell levels left.
You didn't know any spells.
Your spell library contained the following spells:

 Spells                   Type           Power      Damage    Failure   Level
 Slow                     Hex            0%         N/A       50%         1
 Confusing Touch          Hex            0%         N/A       86%         3
 Summon Ice Beast         Ice/Summ       0%         N/A       86%         3
 Vampiric Draining        Necr           0%         2d6       86%         3
 Summon Mana Viper        Hex/Summ       0%         N/A       100%        5
 Monstrous Menagerie      Summ           0%         N/A       100%        7


Dungeon Overview and Level Annotations

Branches:
Dungeon (4/15)
 Temple: D:4-7

Altars:
Trog


Innate Abilities, Weirdness & Mutations

You can wield a second weapon in your off-hand.
It takes a long time for you to wield or remove held weapons.
Your first few attacks do less damage.
You cannot equip rings or amulets.


Message History

You kill the orc!
Beogh accepts your kill.
You shoot a sling bullet. The sling bullet hits the iguana!
The iguana is almost dead.
The orc misses you.
You shoot a sling bullet.
The sling bullet hits the orc but does no damage.
You shoot a sling bullet. The sling bullet hits the orc.
The orc is lightly wounded.
The orc hits you with a +0 short sword. The iguana bites you!
The orc hits you with a +0 short sword.
You are too injured to fight recklessly!
Fire: a) +2 sling {Kai}
Press: ? - help, Q - select action, (/) - cycle Shift-Dir - straight line, f/p - orc
Aim: an orc, wielding a +0 short sword and wearing a +0 chain mail (lightly wounded, 72% to hit)
You shoot a sling bullet. The sling bullet hits the orc.
The orc is severely wounded.
You shoot a sling bullet. The sling bullet hits the orc.
You kill the orc!
Beogh accepts your kill. The iguana misses you.
Your Ranged Weapons skill increases to level 5!
Fire: a) +2 sling {Kai}
Press: ? - help, Q - select action, (/) - cycle Shift-Dir - straight line, f - iguana
Aim: an iguana (almost dead, 69% to hit)
You shoot a sling bullet.
The sling bullet closely misses the iguana.
You shoot a sling bullet.
The sling bullet closely misses the iguana.
The iguana bites you.
* * * LOW HITPOINT WARNING * * *
Fire: a) +2 sling {Kai}
Press: ? - help, Q - select action, (/) - cycle Shift-Dir - straight line, f/p - iguana
Aim: an iguana (almost dead, 69% to hit)
You shoot a sling bullet. The sling bullet hits the iguana.
The iguana is almost dead.
You shoot a sling bullet.
The sling bullet barely misses the iguana.
The iguana bites you!
You die...

#############
#......#....#
#......#<...# #
#......#....########...#
#......#........@l...)..
.................).....#
.............#######...#
...........#..# ..#
.....####........ .
.....# ###...### ......#
##.... ...##..# ###..
##.# #.# ##.


You could see an iguana.

Vanquished Creatures
  6 adders
  2 dart slugs
  4 ribbon worms (D:3)
  11 orcs
  6 ball pythons
  10 endoplasms
  3 giant cockroaches
  7 hobgoblins
  3 quokkas
  6 bats
  2 frilled lizards (D:1)
  5 goblins
  7 kobolds
  14 rats
  A spectral kobold (D:3)
87 creatures vanquished.

Vanquished Creatures (others)
  An arcanist (D:3)
1 creature vanquished.

Grand Total: 88 creatures vanquished

Notes
Turn   | Place    | Note
-------+----------+-------------------------------------------
     0 | D:1      | Lanoc the Coglin Hunter began the quest for the Orb.
     0 | D:1      | Reached XP level 1. HP: 16/16 MP: 1/1
    87 | D:1      | Reached XP level 2. HP: 22/22 MP: 2/2
   214 | D:1      | Reached skill level 4 in Ranged Weapons
   257 | D:1      | Reached XP level 3. HP: 28/28 MP: 3/3
   713 | D:2      | Reached XP level 4. HP: 34/34 MP: 4/4
  1317 | D:3      | Found a faded altar of an unknown god.
  1321 | D:3      | Identified the +1 spear of Charmed Punishment {flame, rCorr
                  | Dex+4 Stlth-}
  1341 | D:3      | Found a bloodstained altar of Trog.
  1365 | D:3      | Reached XP level 5. HP: 40/40 MP: 5/5
  1672 | D:3      | Became a worshipper of Beogh the Shepherd
  1978 | D:3      | Noticed a wizard
  1984 | D:3      | Killed a wizard
  2119 | D:4      | Reached skill level 5 in Ranged Weapons
  2120 | D:4      | Slain by an iguana

Illustrated notes

Levels and vault maps discovered:
D:1:      denvon_arrival_planthouse, layout_basic
D:2:      layout_rooms
D:3:      layout_loops_ring, trog_wizard,
          dreamdust_ecumenical_altar_drowned_temple, minmay_pentangle
D:4:      layout_rooms, nicolae_ossuary_entry_monument, minmay_box_of_dots

Skill      XL: |  1  2  3  4  5 |
---------------+----------------+-----
Dodging        | 2 |  2.9
Ranged Weapons | 4 5 |  5.0
Fighting       | 3 |  3.1
Stealth        | |  0.7

Action                     |  1- 3 |  4- 6 || total
---------------------------+-------+-------++-------
   Fire: Sling             |   158 |   216 ||   374
 Invoke: Convert to Beogh  |       |     1 ||     1
    Use: Scroll            |       |     9 ||     9
 Armour: Leather armour    |    10 |    21 ||    31
  Dodge: Dodged            |     8 |    12 ||    20

Table legend: (Time is in decaauts)
 A = Elapsed time spent in this place.
 B = Non-inter-level travel time spent in this place.
 C = Inter-level travel time spent in this place.
 D = Time resting spent in this place.
 E = Time spent auto-exploring this place.
 F = Levels seen in this place.
 G = Mean time per level.
                   A        B        C        D        E       F      G
               +--------+--------+--------+--------+--------+-----+--------+
         Total |   2178 |   1986 |    192 |      0 |   1578 |   4 |  544.5 |
       Dungeon |   2178 |   1986 |    192 |      0 |   1578 |   4 |  544.5 |
               +--------+--------+--------+--------+--------+-----+--------+

Top non-repeatable levels by time:
     D:3: 990 daAuts
     D:1: 624 daAuts
     D:2: 478 daAuts
     D:4: 85 daAuts
